 Dungeon Crawl Stone Soup version 0.27.0-1-g7a089689b8 (webtiles) character file.

Game seed: 899246531253237747

8666 horus123 the Thaumaturge (level 11, -6/72 HPs)
             Began as a Demonspawn Ice Elementalist on Aug 14, 2021.
             Was a Believer of Sif Muna.
             Mangled by a vampire (11 damage)
             ... on level 11 of the Dungeon.
             The game lasted 00:42:31 (10229 turns).

horus123 the Thaumaturge (DsIE)                    Turns: 10229, Time: 00:42:31

Health: -6/72      AC:  8    Str:  9    XL:     11   Next: 12%
Magic:  16/25      EV: 17    Int: 18    God:    Sif Muna [**....]
Gold:   151        SH:  5    Dex: 13    Spells: 7/30 levels left

rFire    . . .     SeeInvis +   h - +3 dagger (flame)
rCold    + . .     Faith    .   (no shield)
rNeg     . . .     Spirit   .   r - +2 robe "Wuerol" {rF+ Regen+ Int-2 SInv}
rPois    .         Reflect  +   (helmet restricted)
rElec    .         Harm     .   f - +0 cloak
rCorr    .         Rampage  .   c - +0 pair of gloves
Will     .....                  (no boots)
Stlth    ++........             d - amulet of reflection
HPRegen  1.22/turn              k - +4 ring of evasion
MPRegen  0.19/turn              l - ring of ice

@: mighty, very slightly contaminated
A: antennae 2, thin metallic scales 1, powered by death 2, powered by pain 1
a: Renounce Religion, Channel Magic


You were on level 11 of the Dungeon.
You worshipped Sif Muna.
Sif Muna was pleased with you.
You visited 1 branch of the dungeon, and saw 11 of its levels.

You collected 559 gold pieces.
You spent 408 gold pieces at shops.

Inventory:

Hand Weapons
 h - a +3 dagger of flaming (weapon)
Armour
 a - a +0 robe
 c - a +0 pair of gloves (worn)
 f - a +0 cloak (worn)
 r - the +2 robe "Wuerol" (worn) {rF+ Regen+ Int-2 SInv}
   (You found it on level 4 of the Dungeon)

   Int:       It affects your intelligence (-2).
   rF:        It protects you from fire.
   SInv:      It lets you see invisible.
   Regen:     It increases your rate of health regeneration.
Magical Staves
 B - a staff of cold
Jewellery
 d - an amulet of reflection (around neck)
 k - a +4 ring of evasion (left hand)
 l - a ring of ice (right hand)
 o - a +6 ring of dexterity
 w - a ring of poison resistance
 x - a +6 ring of dexterity
 C - a ring of see invisible
Wands
 b - a wand of paralysis (10)
 n - a wand of polymorph (4)
 u - a wand of flame (45)
 I - a wand of iceblast (7)
Scrolls
 e - 3 scrolls of fog
 g - a scroll of amnesia
 j - 3 scrolls of magic mapping
 p - 4 scrolls of teleportation
 y - 4 scrolls of identify
 D - a scroll of enchant armour {unknown}
Potions
 i - 3 potions of flight
 m - 2 potions of attraction {unknown}
 q - a potion of invisibility
 s - 4 potions of curing
 t - 2 potions of mutation {unknown}
 z - a potion of ambrosia {unknown}
 A - a potion of lignification {unknown}
 E - a potion of brilliance {unknown}
 H - 2 potions of cancellation {unknown}
Miscellaneous
 F - a piece from Xom's chessboard (15/15)
 J - a condenser vane


   Skills:
 + Level 1.8 Fighting
 + Level 2.9 Short Blades
 + Level 3.5 Dodging
 + Level 2.4 Stealth
 + Level 1.8 Shields
 + Level 10.1 Spellcasting
 * Level 6.0 Conjurations
 + Level 0.2 Necromancy
 + Level 1.7 Fire Magic
 * Level 8.5 Ice Magic
 + Level 2.5 Air Magic
 + Level 1.5 Earth Magic
 * Level 5.4 Invocations


You had 7 spell levels left.
You knew the following spells:

 Your Spells              Type           Power      Damage    Failure   Level
a - Freeze                Ice            100%       1d11      1%          1
b - Frozen Ramparts       Ice            100%       1d12      1%          3
c - Ozocubu's Armour      Ice            56%        N/A       1%          3
d - Hailstorm             Conj/Ice       52%        3d12      3%          4
e - Sublimation of Blood  Necr           4%         N/A       11%         2
f - Bolt of Magma         Conj/Fire/Erth 10%        4d7       52%         5
g - Freezing Cloud        Conj/Ice/Air   22%        6-21      21%         5

Your spell library contained the following spells:

 Spells                   Type           Power      Damage    Failure   Level
 Dazzling Flash           Conj/Hex       40%        N/A       7%          3
 Apportation              Tloc           18%        N/A       8%          1
 Mephitic Cloud           Conj/Pois/Air  19%        N/A       8%          3
 Wereblood                Tmut           9%         N/A       12%         2
 Ignite Poison            Fire/Tmut/Pois 11%        N/A       19%         3
 Petrify                  Tmut/Erth      11%        N/A       50%         4
 Irradiate                Conj/Tmut      10%        3d17      52%         5
 Silence                  Hex/Air        6%         N/A       78%         5
 Agony                    Necr           9%         N/A       89%         5
 Simulacrum               Ice/Necr       18%        N/A       89%         6
 Alistair's Intoxication  Tmut/Pois      6%         N/A       91%         5
 Invisibility             Hex            4%         N/A       100%        6
 Malign Gateway           Summ/Tloc      4%         N/A       100%        7
 Summon Hydra             Summ           4%         N/A       100%        7
 Summon Horrible Things   Summ           4%         N/A       100%        8
 Polar Vortex             Ice            28%        N/A       100%        9


Dungeon Overview and Level Annotations

Branches:
Dungeon (11/15)            Temple (0/1) D:7            Lair (0/6) D:8
    Orc (0/2) D:9

Altars:
Ashenzari
Dithmenos
Fedhas
Gozag
Hepliaklqana
Makhleb
Nemelex Xobeh
Qazlal
Sif Muna
Trog
Yredelemnul

Shops:
D:3 !*=   D:6 (   D:9 :([*[=


Innate Abilities, Weirdness & Mutations

You have a pair of antennae on your head.
You are partially covered in thin metallic scales. (AC +2)
You regenerate health from kills.
You sometimes gain a little power by taking damage.


Message History

Confirm with . or Enter, or press ? or * to list all spells.
The spell is quite dangerous to cast (52% risk of failure)!
Continue anyway?
Aiming: Bolt of Magma (quite dangerous; 52% risk of failure)
Press: ? - help, Shift-Dir - straight line, f/p - vampire
Aim: a vampire (moderately damaged, slightly transparent, 64% to hit)
The bolt of magma hits the vampire!
The vampire is severely damaged.
Casting: Bolt of Magma (quite dangerous; 52% risk of failure)
Confirm with . or Enter, or press ? or * to list all spells.
The spell is quite dangerous to cast (52% risk of failure)!
Continue anyway?
Aiming: Bolt of Magma (quite dangerous; 52% risk of failure)
Press: ? - help, Shift-Dir - straight line, f/p - vampire
Aim: a vampire (severely damaged, slightly transparent, 64% to hit)
You miscast Bolt of Magma.
You are very lightly contaminated with residual magic.
Energy rips through your body!!
* * * LOW HITPOINT WARNING * * *
You focus on the pain.
You feel very mighty all of a sudden. The vampire barely misses you. x2
You closely miss the vampire.
The vampire is severely damaged.
The vampire closely misses you. The vampire completely misses you.
You hit the vampire but do no damage.
The vampire is severely damaged.
The vampire completely misses you. The vampire barely misses you.
You hit the vampire but do no damage.
The vampire is severely damaged.
You closely miss the vampire.
The vampire is severely damaged.
You block the vampire's attack. The vampire closely misses you.
You hit the vampire but do no damage.
The vampire is severely damaged.
You block the vampire's attack. The vampire bites you.
* * * LOW HITPOINT WARNING * * *
The vampire draws strength from your injuries!
You hit the vampire. You burn the vampire.
The vampire is severely damaged.
The vampire completely misses you. The vampire bites you!
You die...

##+#######.
#..@.......
#..V#######
#.####......#
#...........#
##.###<.[...#
##.#..##.#.#
#.#.......#
#.#.#.##.##
#.#.#.#


You could see a vampire (invisible).

Vanquished Creatures
  Sonja (D:11)
  A komodo dragon (D:7)
  Psyche (D:8)
  3 trolls
  2 shadows
  9 yaks (D:10)
  Grum (D:8)
  Menkaure (D:5)
  A water moccasin (D:7)
  Duvessa (D:5)
  9 orc warriors
  2 sky beasts
  2 ice beasts
  3 necrophages
  2 black bears
  3 ogres
  2 wolves (D:8)
  3 centaurs
  3 kobold brigands
  2 bullfrogs
  Dowan (D:5)
  2 scorpions
  A water moccasin skeleton (D:4)
  6 killer bees (D:10)
  4 wights (D:8)
  A howler monkey (D:9)
  5 centaur zombies
  A bullfrog zombie (D:6)
  A jelly (D:5)
  3 orc priests
  2 hounds
  3 bullfrog skeletons
  2 centaur skeletons
  3 iguanas
  8 orc wizards
  A hound skeleton (D:5)
  A howler monkey zombie (D:9)
  4 adders
  2 gnolls (D:4)
  2 river rats (D:6)
  2 shadow imps
  An ufetubus (D:5)
  2 worms (D:2)
  3 dart slugs
  21 orcs
  7 bats
  6 endoplasms
  2 giant cockroaches
  3 goblins
  10 hobgoblins
  9 jackals
  13 kobolds
  4 quokkas
  8 ball pythons
  A frilled lizard (D:2)
  2 rats (D:6)
199 creatures vanquished.

Vanquished Creatures (others)
  7 plants (D:5)
7 creatures vanquished.

Grand Total: 206 creatures vanquished

Notes
Turn   | Place    | Note
-------+----------+-------------------------------------------
     0 | D:1      | horus123 the Demonspawn Ice Elementalist began the quest
                  | for the Orb.
     0 | D:1      | Reached XP level 1. HP: 13/13 MP: 3/3
   300 | D:1      | Gained mutation: You are partially covered in thin metallic
                  | scales. (AC +2) [demonic ancestry]
   300 | D:1      | Reached XP level 2. HP: 17/19 MP: 3/5
   811 | D:1      | Found a faded altar of an unknown god.
  1097 | D:2      | Gained mutation: You regenerate a little health from kills.
                  | [demonic ancestry]
  1097 | D:2      | Reached XP level 3. HP: 24/24 MP: 4/6
  1151 | D:2      | Learned a level 3 spell: Frozen Ramparts
  1559 | D:2      | Learned a level 3 spell: Ozocubu's Armour
  2273 | D:3      | Reached skill level 3 in Spellcasting
  2273 | D:3      | Reached XP level 4. HP: 16/30 MP: 0/8
  2398 | D:3      | Found Himiott's Distillery.
  2542 | D:3      | Found Xomu's Jewellery Emporium.
  2786 | D:3      | Found Ciepyga's Assorted Antiques.
  2918 | D:4      | Noticed a yak
  2949 | D:4      | Reached XP level 5. HP: 33/35 MP: 1/10
  3070 | D:4      | Learned a level 4 spell: Hailstorm
  3103 | D:4      | Noticed an ogre
  3113 | D:4      | Killed an ogre
  3114 | D:4      | Reached skill level 4 in Spellcasting
  3114 | D:4      | Reached skill level 5 in Ice Magic
  3114 | D:4      | Gained mutation: You have a pair of small antennae on your
                  | head. [demonic ancestry]
  3114 | D:4      | Reached XP level 6. HP: 27/42 MP: 1/12
  3471 | D:4      | Learned a level 2 spell: Sublimation of Blood
  3500 | D:4      | Identified the +2 robe "Wuerol" {rF+ Regen+ Int-2 SInv}
  3618 | D:5      | Entered Level 5 of the Dungeon
  3679 | D:5      | Noticed a shadow
  3903 | D:5      | Killed a shadow
  3904 | D:5      | Reached skill level 1 in Conjurations
  3904 | D:5      | Reached XP level 7. HP: 40/47 MP: 12/14
  3948 | D:5      | Noticed Menkaure
  3951 | D:5      | Noticed Duvessa
  3952 | D:5      | Noticed Dowan
  3955 | D:5      | Killed Menkaure
  3956 | D:5      | Reached skill level 1 in Fighting
  3956 | D:5      | Reached skill level 1 in Short Blades
  3956 | D:5      | Reached skill level 5 in Spellcasting
  3959 | D:5      | Killed Duvessa
  3968 | D:5      | Killed Dowan
  4248 | D:5      | Gained mutation: You regenerate health from kills. [demonic
                  | ancestry]
  4248 | D:5      | Reached XP level 8. HP: 54/54 MP: 16/16
  4258 | D:5      | Found a sand-covered staircase.
  4430 | D:5      | Reached skill level 1 in Shields
  4456 | D:5      | Found a shimmering blue altar of Sif Muna.
  4477 | D:5      | Reached skill level 6 in Spellcasting
  4526 | D:5      | Became a worshipper of Sif Muna the Loreminder
  4910 | D:6      | Found Raxtyari's Weapon Boutique.
  5293 | D:6      | Found a hazy altar of Hepliaklqana.
  5326 | D:6      | Learned a level 5 spell: Bolt of Magma
  5366 | D:6      | Reached skill level 7 in Spellcasting
  5366 | D:6      | Gained mutation: You have a pair of antennae on your head.
                  | [demonic ancestry]
  5366 | D:6      | Reached XP level 9. HP: 59/59 MP: 12/19
  5613 | D:6      | Reached skill level 1 in Earth Magic
  5788 | D:6      | Identified a scroll of acquirement
  5788 | D:6      | Acquired a book of Ice
  5867 | D:6      | Reached * piety under Sif Muna
  6036 | D:7      | Noticed a komodo dragon
  6045 | D:7      | Killed a komodo dragon
  6046 | D:7      | Reached skill level 1 in Fire Magic
  6502 | D:7      | Learned a level 5 spell: Freezing Cloud
  6589 | D:7      | Found a staircase to the Ecumenical Temple.
  6623 | D:7      | Reached skill level 8 in Spellcasting
  6651 | D:7      | Reached skill level 1 in Invocations
  7024 | D:7      | Reached skill level 1 in Air Magic
  7343 | D:8      | Found a staircase to the Lair.
  7467 | D:8      | Found a shadowy altar of Dithmenos.
  7467 | D:8      | Found a burning altar of Makhleb.
  7468 | D:8      | Found a broken altar of Ashenzari.
  7468 | D:8      | Found a blossoming altar of Fedhas.
  7468 | D:8      | Noticed Grum
  7484 | D:8      | Killed Grum
  7485 | D:8      | Reached XP level 10. HP: 47/67 MP: 15/22
  7545 | D:8      | Found a sparkling altar of Nemelex Xobeh.
  7545 | D:8      | Found a basalt altar of Yredelemnul.
  7546 | D:8      | Found an opulent altar of Gozag.
  7593 | D:8      | Noticed Psyche
  7605 | D:8      | Killed Psyche
  8247 | D:8      | Reached ** piety under Sif Muna
  8250 | D:8      | Reached skill level 9 in Spellcasting
  8588 | D:9      | Found a staircase to the Orcish Mines.
  8588 | D:9      | Found Dacsuduw's Armour Shoppe.
  8588 | D:9      | Found Ytuasias's Assorted Antiques.
  8660 | D:9      | Found Wijyb's Antique Weapon Shoppe.
  8763 | D:9      | Found Plog's Book Emporium.
  8817 | D:9      | Bought a Grand Grimoire for 408 gold pieces
  9064 | D:9      | Found Feirpheti's Antique Armour Emporium.
  9101 | D:9      | Found Icsoes's Jewellery Emporium.
  9129 | D:9      | Found a stormy altar of Qazlal.
  9215 | D:9      | Found a bloodstained altar of Trog.
  9256 | D:10     | Entered Level 10 of the Dungeon
  9412 | D:10     | Reached skill level 5 in Conjurations
  9612 | D:10     | Reached skill level 10 in Spellcasting
  9632 | D:10     | Acquired a staff of cold
  9789 | D:10     | Identified the +3 war axe "Unyfe" {vamp, rPois rC+}
  9850 | D:10     | Gained mutation: You sometimes gain a little power by
                  | taking damage. [demonic ancestry]
  9850 | D:10     | Reached XP level 11. HP: 58/72 MP: 18/25
 10090 | D:11     | Noticed Sonja
 10091 | D:11     | Reached skill level 5 in Invocations
 10106 | D:11     | Killed Sonja
 10183 | D:11     | HP: 3/72 [vampire (7)]
 10223 | D:11     | HP: 3/72 [something (18)]
 10228 | D:11     | HP: 3/72 [vampire (6)]
 10229 | D:11     | Mangled by a vampire

Illustrated notes

Levels and vault maps discovered:
D:1:      minmay_arrival_four_circles, layout_basic,
          ebering_ecumenical_altar_petrified, minmay_pentomino_r4
D:2:      layout_basic
D:3:      layout_rooms, serial_shops, shop, shop, shop
D:4:      minmay_skewed_foursquare, layout_gridville,
          minmay_misc_feat_diagonals, lightli_corner_chamber
D:5:      layout_cave_pools, led_sif_book, enter_ossuary_1,
          serial_bayou_lagoon_a, grunt_ministairs_7, uniq_menkaure, uniq_duvessa
D:6:      layout_basic, amcnicky_altar_gilded, serial_shops, shop,
          portal_sewer_entry_c, minmay_misc_feat_cross
D:7:      minmay_chambers_of_fours, layout_loops_ring,
          minmay_temple_entry_waves, st_stairs_6
D:8:      layout_loops_corners, grunt_temple_overflow_open, lair_entry_dummy,
          uniq_psyche, uniq_grum
D:9:      lemuel_ice_spiral_2, layout_rooms, kennysheep_mini_moat,
          general_overflow_altar, orc_david_3, serial_shops,
          nicolae_inconvenience_store, shop, shop, shop, shop
D:10:     layout_cross, minmay_puff
D:11:     layout_basic, grunt_ministairs_8, bh_walls_and_bars, uniq_harold,
          uniq_sonja

Skill      XL: |  1  2  3  4  5  6  7  8  9 10 11 |
---------------+----------------------------------+-----
Ice Magic      | 4 5 6 7 8 |  8.5
Spellcasting   | 3 4 5 7 8 10 | 10.1
Dodging        | 2 3 |  3.5
Stealth        | 2 |  2.4
Conjurations   | 1 2 3 4 6 |  6.0
Fighting       | 1 |  1.8
Short Blades   | 1 2 |  2.9
Shields        | 1 |  1.8
Earth Magic    | 1 |  1.5
Fire Magic     | 1 |  1.7
Invocations    | 2 4 5 |  5.4
Air Magic      | 1 2 |  2.5
Necromancy     | |  0.2

Action                   |  1- 3 |  4- 6 |  7- 9 | 10-12 || total
-------------------------+-------+-------+-------+-------++-------
Melee: Unarmed           |     6 |       |       |       ||     6
       Dagger            |     4 |    76 |   212 |   136 ||   428
       Staff             |       |       |       |     5 ||     5
 Cast: Freeze            |    69 |    43 |    83 |    83 ||   278
       Frozen Ramparts   |       |     3 |    27 |    18 ||    48
       Ozocubu's Armour  |       |     1 |    15 |     8 ||    24
       Hailstorm         |       |       |     2 |    10 ||    12
       Sublimation of Bl |       |       |       |     1 ||     1
       Bolt of Magma     |       |       |       |     1 ||     1
       Freezing Cloud    |       |       |       |     1 ||     1
Invok: Channel Magic     |       |       |       |     6 ||     6
Evoke: Wand              |       |       |       |     4 ||     4
  Use: Scroll            |     5 |       |     9 |     3 ||    17
       Potion            |       |       |     2 |     3 ||     5
 Stab: Sleeping          |       |     2 |       |       ||     2
Armor: Robe              |    26 |    36 |   111 |   103 ||   276
Dodge: Dodged            |    44 |   103 |   215 |   217 ||   579
Block: Other             |    10 |    38 |    80 |    53 ||   181
       Reflection        |     1 |     1 |     3 |       ||     5
